Map: Dusk Towers

Players

LilDicky

  • Race: Terran Terran
  • League: Diamond

PoSeIdOn - Winner!

  • Race: Zerg Zerg
  • League: Diamond

VOD

http://www.twitch.tv/tumescentpie

Description

Time

  • Played on: Dec. 30, 2015, 11:12 p.m.
  • Length: 10:12
Show
View Real Time Build Order
Export as new Build Order

LilDicky Terran 

Build Orders:  

Get SALT Encoding   

  12  0:01  SCV  
  13  0:13  SCV  
  14  0:17  Supply Depot  
  14  0:26  SCV  
  15  0:39  Refinery  
  15  0:40  SCV  
  16  0:45  Barracks  
  16  0:52  SCV  
  18  1:04  SCV  
  18  1:16  SCV  
  19  1:28  SCV  
  19  1:32  Supply Depot  
  20  1:33  Marine  
  21  1:40  Orbital Command  
  21  1:55  Command Center  
  22  2:09  Factory  
  22  2:11  Barracks Reactor, SCV  
  22  2:24  SCV  
  23  2:36  SCV, Refinery  
  24  2:48  SCV  
  25  3:00  SCV  
  25  3:01  Starport  
  25  3:03  Barracks Reactor  
  25  3:04  Hellion x2  
  30  3:10  Orbital Command  
  30  3:12  SCV  
  31  3:24  SCV  
  32  3:31  Hellion x2  
  36  3:36  SCV  
  36  3:38  SCV  
  38  3:48  SCV  
  38  3:54  SCV  
  40  4:00  SCV, Hellion x2  
  40  4:02  Supply Depot  
  45  4:06  SCV, Liberator x2  
  46  4:21  Supply Depot  
  46  4:23  SCV, Marine  
  46  4:24  SCV  
  55  4:31  Supply Depot  
  55  4:35  SCV  
  55  4:37  Hellion  
  55  4:38  SCV, Hellion  
  61  4:45  Refinery  
  61  4:46  Refinery  
  61  4:48  Engineering Bay  
  61  4:49  SCV, Liberator x2  
  62  4:55  Supply Depot  
  58  5:16  Widow Mine x2  
  58  5:17  SCV x2  
  62  5:29  SCV  
  62  5:30  SCV  
  62  5:32  Missile Turret  
  62  5:34  Command Center  
  64  5:39  Liberator x2  
  64  5:41  SCV  
  64  5:42  SCV  
  66  5:54  SCV x2  
  66  5:55  Hi-Sec Auto Tracking, Missile Turret  
  74  5:57  Supply Depot, Widow Mine  
  76  6:06  SCV x2  
  78  6:18  SCV x2  
  80  6:23  Widow Mine  
  79  6:26  Widow Mine  
  79  6:30  SCV x2  
  83  6:32  Factory  
  83  6:42  SCV x2, Factory  
  82  6:47  Liberator  
  82  6:48  Liberator  
  82  6:54  SCV x2  
  82  6:55  Command Center  
  84  7:03  Widow Mine x2  
  84  7:06  SCV x2  
  96  7:12  Armory x2  
  97  7:18  SCV x2  
  97  7:19  Orbital Command  
  98  7:26  Missile Turret  
  98  7:27  Factory Tech Lab  
  98  7:28  Factory Tech Lab, Missile Turret  
  99  7:30  SCV x2  
  99  7:32  Missile Turret  
  101  7:39  Widow Mine x2  
  101  7:42  SCV  
  101  7:43  SCV  
  106  7:49  Liberator x2  
  106  7:51  Command Center  
  106  7:55  SCV x2  
  106  7:57  Armory  
  106  7:58  SCV, Missile Turret  
  109  8:00  Refinery  
  109  8:01  Refinery  
  109  8:07  SCV x2, Siege Tank  
  109  8:10  SCV  
  109  8:11  Terran Vehicle Weapons Level 1  
  109  8:12  Supply Depot  
  121  8:15  Supply Depot  
  121  8:19  SCV x2  
  111  8:41  Siege Tank  
  111  8:42  Hellion x2  
  111  8:44  SCV x2  
  110  8:59  SCV x3  
  112  9:04  Hellion x2  
  112  9:06  Planetary Fortress  
  112  9:09  Siege Tank  
  110  9:11  Missile Turret  
  110  9:12  Liberator x2  
  110  9:13  Siege Tank  
  109  9:23  SCV x2  
  108  9:28  Widow Mine x2  
  116  9:33  Orbital Command  
  116  9:37  Command Center  
  116  9:39  Armory  
  116  9:41  SCV x2, Missile Turret  
Show
View Real Time Build Order
Export as new Build Order

PoSeIdOn Zerg - Winner!

Build Orders: Hatch First 

Get SALT Encoding   

  12  0:01  Drone  
  13  0:13  Overlord  
  13  0:18  Drone  
  14  0:32  Drone x2  
  14  0:35  Drone  
  17  0:53  Hatchery  
  17  0:56  Drone  
  17  1:09  Spawning Pool  
  16  1:13  Drone  
  17  1:18  Drone  
  17  1:23  Overlord  
  18  1:29  Drone  
  19  1:41  Drone  
  20  1:56  Queen  
  20  1:58  Zergling x2  
  23  2:02  Zergling x2  
  23  2:06  Queen  
  23  2:07  Drone  
  27  2:12  Drone  
  28  2:19  Drone  
  29  2:29  Drone x2  
  31  2:32  Extractor  
  31  2:33  Queen  
  32  2:46  Queen  
  32  2:48  Drone x2  
  32  2:49  Overlord  
  36  3:10  Drone x5  
  36  3:11  Drone x2  
  43  3:13  Hatchery  
  43  3:17  Overlord  
  42  3:29  Drone x2  
  42  3:30  Overlord  
  44  3:35  Metabolic Boost  
  44  3:36  Roach Warren  
  41  3:54  Extractor  
  41  3:55  Drone x6  
  46  4:04  Drone x4  
  46  4:05  Drone  
  51  4:17  Roach x2  
  51  4:21  Roach x2  
  51  4:24  Overlord x3  
  59  4:31  Extractor  
  59  4:32  Extractor  
  57  4:41  Lair  
  57  4:46  Evolution Chamber x2  
  53  5:17  Queen  
  53  5:19  Drone  
  53  5:20  Drone x7  
  53  5:21  Drone x2  
  65  5:22  Roach x3  
  65  5:23  Roach x2  
  75  5:29  Ravager x3  
  75  5:33  Overlord x2  
  78  5:41  Ravager  
  79  5:43  Glial Reconstitution  
  79  5:48  Overseer  
  79  5:49  Overlord x2  
  79  6:00  Spore Crawler  
  79  6:02  Spore Crawler  
  79  6:03  Drone x7  
  84  6:12  Zerg Ground Armor Level 1, Zerg Melee Weapons Level 1  
  79  6:46  Drone  
  79  6:47  Drone x6  
  82  6:48  Drone x4  
  90  7:02  Hatchery  
  89  7:10  Zergling x2  
  89  7:11  Zergling x14  
  89  7:12  Spire  
  96  7:17  Infestation Pit, Extractor  
  96  7:18  Extractor  
  93  7:23  Zergling x2  
  93  7:24  Zergling x12  
  100  7:54  Roach x11  
  122  7:59  Overlord  
  122  8:00  Overlord  
  105  8:35  Ravager  
  105  8:36  Ravager x3  
  109  8:44  Ravager x5  
  102  9:06  Zergling x2  
  102  9:07  Zergling x36  
  115  9:28  Zergling x4  
  115  9:29  Zergling x6  
  95  9:53  Zergling x4  
  95  9:54  Zergling x20  
Tags
 
Add a new tag
Caveats
  • Supply blocks, unpowered buildings, or Contaminate may cause inaccurate times.
  • Supply counts are checked every 10 seconds.